 Dungeon Crawl Stone Soup version 0.29.1-15-g9cfb28693d (webtiles) character file.

Game seed: 7592986767099812416

329 DemonSlayer the Digger (level 6, -3/43 HPs)
             Began as a Demonspawn Earth Elementalist on Apr 8, 2023.
             Slain by a mummy (15 damage)
             ... in an ossuary.
             The game lasted 00:07:37 (3150 turns).

DemonSlayer the Digger (DsEE)                       Turns: 3150, Time: 00:07:38

Health: -3/43      AC:  2    Str: 10    XL:     6   Next: 25%
Magic:  11/12      EV: 12    Int: 16    God:
Gold:   198        SH:  0    Dex: 20    Spells: 4/13 levels left

rFire   . . .      SeeInvis .   m - +0 dagger
rCold   . . .      Faith    .   (no shield)
rNeg    . . .      Spirit   .   a - +0 robe
rPois   .          Reflect  .   (no helmet)
rElec   .          Harm     .   (no cloak)
rCorr   .          Rampage  .   (no gloves)
Will    .....                   (no boots)
Stlth   ++........              c - amulet of magic regeneration
HPRegen 0.14/turn               g - +6 ring of dexterity
MPRegen 0.53/turn               (no ring)

@: marked, hasted, very quick
A: hooves 2, demonic magic 1, weakness stinger 1
a: no special abilities


You were in an ossuary.
You visited 1 branch of the dungeon, and saw 4 of its levels.
You also visited: Ossuary.

You collected 198 gold pieces.

Inventory:

Hand Weapons
 m - a +0 dagger (weapon)
Armour
 a - a +0 robe (worn)
Jewellery
 c - an amulet of magic regeneration (around neck)
 g - a +6 ring of dexterity (left hand)
 k - an amulet of the acrobat
Scrolls
 d - 2 scrolls of teleportation
 f - 2 scrolls of enchant armour
 i - 2 scrolls of enchant weapon {unknown}
 j - a scroll of amnesia
 n - a scroll of immolation
 r - 2 scrolls of identify
 s - a scroll of vulnerability {unknown}
 t - a scroll of blinking {unknown}
Potions
 b - 2 potions of magic
 e - a potion of attraction
 h - a potion of might
 l - a potion of haste
 o - a potion of lignification
 p - a potion of curing {unknown}
 q - a potion of mutation


   Skills:
 + Level 1.0 Fighting
 + Level 0.2 Short Blades
 + Level 0.1 Maces & Flails
 + Level 1.9 Dodging
 + Level 2.4 Stealth
 + Level 4.2 Spellcasting
 + Level 0.8 Transmutations
 + Level 4.6 Earth Magic


You had 4 spell levels left.
You knew the following spells:

 Your Spells              Type           Power      Damage    Failure   Level
a - Sandblast             Erth           36%        2d10      2%          1
b - Passwall              Tmut/Erth      10%        N/A       9%          2
c - Stone Arrow           Conj/Erth      20%        3d8       19%         3
d - Mephitic Cloud        Conj/Pois/Air  3%         N/A       45%         3

Your spell library contained the following spells:

 Spells                   Type           Power      Damage    Failure   Level
 Necrotise                Necr           12%        1d4       17%         1
 Ignite Poison            Fire/Tmut/Pois 4%         N/A       41%         3
 Vampiric Draining        Necr           3%         2d6       45%         3
 Petrify                  Tmut/Erth      12%        N/A       47%         4
 Agony                    Necr           3%         N/A       99%         5
 Freezing Cloud           Conj/Ice/Air   1%         6-21      99%         5


Dungeon Overview and Level Annotations

Branches:
Dungeon (4/15)            Ossuary (1/1)
 Temple: D:4-7

Altars:
Ashenzari
Qazlal
Uskayaw


Innate Abilities, Weirdness & Mutations

You have hoof-like feet.
Spells you cast may paralyse adjacent enemies.
You have a small tail.


Message History

You puncture the elf zombie! You kick the elf zombie.
The elf zombie is heavily damaged.
The elf zombie is no longer paralysed.
The blast of sand hits the elf zombie!
The elf zombie is heavily damaged.
Malevolent energies surge around you.
The elf zombie suddenly stops moving!
The rat zombie bites you but does no damage.
The rat zombie barely misses you.
The helpless elf zombie fails to defend itself.
You puncture the elf zombie! You kick the elf zombie!
You tail-slap the elf zombie.
The elf zombie is almost destroyed.
The helpless elf zombie fails to defend itself.
You puncture the elf zombie! You kick the elf zombie.
The elf zombie is almost destroyed.
The elf zombie is no longer paralysed.
The rat zombie bites you but does no damage.
The elf zombie hits you!
The blast of sand hits the elf zombie!
You destroy the elf zombie!
Malevolent energies surge around you.
The rat zombie suddenly stops moving!
A goblin zombie comes into view.
You have reached level 6!
The helpless rat zombie fails to defend itself.
You puncture the rat zombie!
You destroy the rat zombie!
The jackal zombie closely misses you.
A kobold zombie comes into view.
The jackal zombie bites you.
The blast of sand hits the jackal zombie!
You destroy the jackal zombie!
Malevolent energies surge around you.
The blast of sand hits the mummy!
The mummy is heavily damaged.
Malevolent energies surge around you. The mummy hits you!
* * * LOW HITPOINT WARNING * * *
A rat zombie comes into view.
Unknown command.
You feel yourself speed up. The mummy hits you!
You die...

#...# #ZZZ....#...#
#...# #..M....#...#
#...#.####.M.....#...#
#...#ZZ..........#...#
#...#Z####Z^####.#...#
#...# #^.# #...# #...#
#^.# #...#
#...######ZZ######...#
#..........Z.ZZM@....#
#........8..8..M.....#
#....................#
#....................#
######################


You could see 2 mummies, 2 rat zombies, a goblin zombie and 2 kobold zombies.

Vanquished Creatures
  An elf zombie (Ossuary)
  A centaur zombie (Ossuary)
  A jelly (D:4)
  Robin (D:3)
  5 gnolls
  3 adders
  3 dart slugs
  5 orcs (D:4)
  4 bats
  2 endoplasms
  A giant cockroach (D:1)
  12 goblins
  14 hobgoblins
  2 jackals (D:1)
  3 quokkas
  7 ball pythons
  3 frilled lizards (D:3)
  5 hobgoblin zombies (Ossuary)
  A jackal zombie (Ossuary)
  4 kobolds
  9 kobold zombies (Ossuary)
  7 orc zombies (Ossuary)
  9 rats
  A rat zombie (Ossuary)
104 creatures vanquished.

Vanquished Creatures (others)
  3 plants (D:2)
3 creatures vanquished.

Grand Total: 107 creatures vanquished

Notes
Turn   | Place    | Note
-------+----------+-------------------------------------------
     0 | D:1      | DemonSlayer the Demonspawn Earth Elementalist began the
                  | quest for the Orb.
     0 | D:1      | Reached XP level 1. HP: 13/13 MP: 3/3
   131 | D:1      | Discovered your monstrous ancestry.
   131 | D:1      | Gained mutation: You have a small tail. [demonic ancestry]
   131 | D:1      | Reached XP level 2. HP: 6/19 MP: 1/5
   401 | D:1      | Gained mutation: You have large cloven feet. [demonic
                  | ancestry]
   401 | D:1      | Reached XP level 3. HP: 23/24 MP: 4/6
   668 | D:1      | Found a faded altar of an unknown god.
  1399 | D:2      | Gained mutation: Spells you cast may paralyse adjacent
                  | enemies. [demonic ancestry]
  1399 | D:2      | Reached XP level 4. HP: 31/31 MP: 7/7
  1540 | D:2      | Found a broken altar of Ashenzari.
  1915 | D:3      | Noticed Robin
  1923 | D:3      | Killed Robin
  2000 | D:3      | Found a stormy altar of Qazlal.
  2291 | D:3      | Gained mutation: You have hoof-like feet. [demonic
                  | ancestry]
  2291 | D:3      | Reached XP level 5. HP: 24/36 MP: 6/9
  2697 | D:3      | Learned a level 2 spell: Passwall
  2701 | D:3      | Learned a level 3 spell: Stone Arrow
  2705 | D:3      | Learned a level 3 spell: Mephitic Cloud
  2877 | D:4      | Found a hide-covered altar of Uskayaw.
  2926 | D:4      | Found a sand-covered staircase.
  3031 | Ossuary  | Entered an ossuary
  3055 | Ossuary  | Reached skill level 1 in Fighting
  3147 | Ossuary  | Reached XP level 6. HP: 27/43 MP: 10/12
  3150 | Ossuary  | Slain by a mummy

Illustrated notes

Levels and vault maps discovered:
D:1:      matt_arrival_refuge, layout_basic, ebering_ecumenical_altar_abandoned
D:2:      layout_loops_ring, basic_altar, guppyfry_early_lair_pool
D:3:      layout_loops_ring, mainiacjoe_overflow_tiny_flanked, uniq_robin
D:4:      layout_gridville, mainiacjoe_overflow_brackets,
          lightli_ossuary_entry_decrepit_ruins
Ossuary:  ossuary_tomb_1

Skill      XL: |  1  2  3  4  5 |
---------------+----------------+-----
Earth Magic    | 3 4 |  4.6
Spellcasting   | 3 4 |  4.2
Stealth        | 2 |  2.4
Fighting       | 1 |  1.0
Short Blades   | |  0.2
Maces & Flails | |  0.1
Dodging        | |  1.9
Transmutations | |  0.8

Action                   |  1- 3 |  4- 6 || total
-------------------------+-------+-------++-------
Melee: Whip              |     4 |       ||     4
       Tailslap          |     1 |     3 ||     4
       Kick              |     1 |     4 ||     5
       Dagger            |       |    23 ||    23
 Cast: Sandblast         |    51 |    81 ||   132
  Use: Scroll            |     3 |     6 ||     9
       Potion            |       |     1 ||     1
 Stab: Sleeping          |       |     9 ||     9
       Paralysed         |       |    11 ||    11
Armor: Robe              |     1 |     9 ||    10
Dodge: Dodged            |    18 |    23 ||    41
